 Dungeon Crawl Stone Soup version 0.18.1-8-gdd0e5ea (webtiles) character file.

107 zeroDi the Sneak (level 4, -1/23 HPs)
             Began as a Vine Stalker Assassin on May 29, 2016.
             Slain by an orc priest
             ... wielding a +0 flail
              (4 damage)
             ... on level 3 of the Dungeon.
             The game lasted 00:03:09 (1374 turns).

zeroDi the Sneak (Vine Stalker Assassin)            Turns: 1374, Time: 00:03:10

Health: -1/23      AC:  4    Str: 14    XL:     4   Next: 86%
Magic:  0/5        EV:  8    Int: 11    God:
Gold:   128        SH:  7    Dex: 16    Spells: 0 memorised, 3 levels left

rFire  . . .     SeeInvis .     a - +2 dagger (elec)
rCold  . . .     Gourm    .     c - +0 robe
rNeg   . . .     Faith    .     s - +0 shield
rPois  .         Spirit   +     (no helmet)
rElec  .         Dismiss  .     d - +1 cloak
rCorr  .         Reflect  .     (no gloves)
SustAt .         Harm     .     (no boots)
MR     .....                    (no amulet)
Stlth  +++.......               (no ring)
                                (no ring)

@: not resistant to hostile enchantments, fairly stealthy
A: fangs 2, regeneration 1, magic shield, antimagic bite, no device heal 3, rot
immunity
a: no special abilities


You were on level 3 of the Dungeon.
You were not hungry.

You visited 1 branch of the dungeon, and saw 3 of its levels.

You collected 128 gold pieces.


Innate Abilities, Weirdness & Mutations

You have extremely sharp teeth.
Your natural rate of healing is unusually fast.
When hurt, damage is shared between your health and your magic reserves.
Your bite disrupts and absorbs the magic of your enemies.
Potions and wands cannot restore your health.
You are immune to rotting.


   Skills:
 - Level 1.7 Fighting
 + Level 4.4 Short Blades
 - Level 1.7 Throwing
 - Level 0.7 Dodging
 - Level 4.8 Stealth


You had 3 spell levels left.
You didn't know any spells.

Inventory:

Hand Weapons
 a - a +2 dagger of electrocution (weapon)
 b - a +0 blowgun
 r - a +0 short sword
 y - a +2 dagger
Missiles
 e - 8 poisoned needles
 f - 2 curare-tipped needles {=f}
 k - 2 tomahawks
 z - 6 javelins (quivered)
Armour
 c - a +0 robe (worn)
 d - a +1 cloak (worn)
 s - a +0 shield (worn)
Jewellery
 i - a cursed -6 ring of evasion {unknown}
 q - an uncursed amulet of dismissal {unknown}
 u - a +2 amulet of reflection {unknown}
Wands
 w - a wand of polymorph (8/24)
Scrolls
 o - 2 scrolls of remove curse {unknown}
 p - a scroll of identify {@r1}
Potions
 h - 2 potions of experience {unknown}
 j - 2 potions of curing {unknown}
 l - a potion of lignification {unknown}
 m - a potion of degeneration {unknown}
 n - a potion of agility {unknown}
 t - a potion of flight {unknown}
 v - a potion of invisibility {unknown}
Comestibles
 g - 2 bread rations
 x - a chunk of flesh

Dungeon Overview and Level Annotations

Branches:
Dungeon (3/15)

Altars:
Vehumet
Yredelemnul

....... .....
#### ..... ....
... ....# ..#
####..###.#
..........##
........o@>#
........o..####
.......<........
..........%.....
............##...
....!........# ..
...........#.# #
...........#.#
..##.....#.# #


You could see an orc priest and an orc.


Message History

Pain shoots through your body!
Ouch! That really hurt!
* * * LOW HITPOINT WARNING * * *
You hit the orc priest.
You bite the orc priest, but do no damage.
The orc priest is lightly wounded.
You block the orc priest's attack. The orc hits you but does no damage.
You hit the orc priest but do no damage.
You bite the orc priest, but do no damage.
The orc priest is lightly wounded.
The orc hits you but does no damage. The orc priest barely misses you.
You hit the orc priest but do no damage.
Your bite misses the orc priest.
The orc priest is lightly wounded.
The orc barely misses you.
The orc priest mumbles some strange prayers to Beogh against you.
Beogh smites you!
* * * LOW HITPOINT WARNING * * *
The orc priest hits you with a flail.
You die...

Action                   |  1- 3 |  4- 6 || total
-------------------------+-------+-------++-------
Melee: Dagger            |    51 |    23 ||    74
       Bite              |    27 |     6 ||    33
       Short sword       |    59 |       ||    59
  Use: Scroll            |     2 |       ||     2
 Stab: Sleeping          |     7 |     1 ||     8
       Distracted        |     1 |       ||     1
  Eat: Chunk             |       |     2 ||     2
Armor: Robe              |    26 |     3 ||    29
Dodge: Dodged            |    46 |    11 ||    57
Block: Shield            |    15 |     5 ||    20

Vault maps used:
D:1:      roderic_octagonal_star
D:2:      nicolae_overflow_crystal_walls, lemuel_zombie_altar_yredelemnul,
          first_bread, ecumenical_altar_1
D:3:      grunt_gozag_statues

Notes
Turn   | Place    | Note
--------------------------------------------------------------
     0 | D:1      | zeroDi the Vine Stalker Assassin began the quest for the Orb.
     0 | D:1      | Reached XP level 1. HP: 11/11 MP: 2/2
    41 | D:1      | Reached skill level 2 in Short Blades
   111 | D:1      | Reached XP level 2. HP: 15/15 MP: 3/3
   286 | D:1      | Reached skill level 3 in Short Blades
   308 | D:1      | Reached XP level 3. HP: 18/18 MP: 4/4
   934 | D:2      | Found a basalt altar of Yredelemnul.
  1024 | D:2      | Found a faded altar to an unknown god.
  1035 | D:2      | Found a radiant altar of Vehumet.
  1065 | D:2      | Reached XP level 4. HP: 23/23 MP: 5/5
  1249 | D:2      | Reached skill level 4 in Short Blades
  1374 | D:3      | Slain by an orc priest

Vanquished Creatures
  An orc priest (D:3)
  2 adders (D:2)
  3 giant geckos (D:1)
  3 orcs (D:2)
  4 bats (D:1)
  5 giant cockroaches (D:1)
  2 gnoll zombies (D:2)
  4 goblins (D:1)
  3 hobgoblins
  5 jackals
  8 kobolds
  A quokka (D:2)
  A ball python (D:2)
  A giant newt (D:1)
  5 rats
48 creatures vanquished.
